 Dungeon Crawl Stone Soup version 0.14-a0-1969-g2c76abe (webtiles) character file.

461 Kae the Insei (level 6, 0/47 HPs)
             Began as a Draconian Transmuter on Jan 16, 2014.
             Slain by a gnoll
             ... wielding a +0,+0 halberd
              (4 damage)
             ... on Level 3 of the Dungeon.
             The game lasted 00:06:33 (4581 turns).

Kae the Insei (Draconian Transmuter)                Turns: 4581, Time: 00:06:34

HP   0/47        AC  6     Str 13      XL: 6   Next: 19%
MP   7/10        EV 12     Int 13      God:
Gold 146         SH  0     Dex 13      Spells:  3 memorised,  3 levels left

rFire  . . .     SeeInvis .       - Unarmed
rCold  . . .     Clarity  +     (armour unavailable)
rNeg   . . .     Conserve .     (no shield)
rPois  .         rCorr    .     (helmet restricted)
rElec  .         rRot     .     (no cloak)
SustAb . .       Spirit   .     (no gloves)
rMut   .         Warding  .     (boots unavailable)
Saprov . . .     Stasis   .     c - amulet of clarity
MR     .....                    (no ring)
                                (no ring)

@: appendage (expiring), very slightly contaminated, not resistant to hostile
enchantments, unstealthy
A: unfitting armour, talons 3, AC +6
a: End Transformation


You were on level 3 of the Dungeon.
You were not hungry.
You had grown temporary talons.
You visited 1 branch of the dungeon, and saw 3 of its levels.

You collected 146 gold pieces.

Inventory:

Missiles
 b - 63 arrows
 e - 3 tomahawks (quivered)
Magical devices
 r - a wand of fireball (2)
Comestibles
 a - 2 bread rations
 h - 3 chunks of gnoll flesh
Scrolls
 f - 3 scrolls of remove curse {unknown}
 g - 2 scrolls of identify
Jewellery
 c - an amulet of clarity (around neck)
Potions
 j - a potion of agility {unknown}
 k - 2 potions of heal wounds {unknown}
 l - 2 potions of poison {unknown}
 o - a potion of curing {unknown}
 p - a potion of invisibility {unknown}
 q - 2 potions of restore abilities {unknown}
Books
 d - a book of Changes

   Spells                             Type                      Level
   *Beastly Appendage                 Transmutation                1
   *Sticks to Snakes                  Transmutation                2
   *Spider Form                       Transmutation/Poison         3
   Ice Form                           Ice/Transmutation            4
   Blade Hands                        Transmutation                5


   Skills:
 - Level 1.1 Fighting
 - Level 1.7 Dodging
 * Level 6.0 Unarmed Combat
 - Level 2.0 Spellcasting
 + Level 3.9 Transmutations


You had 3 spell levels left.
You knew the following spells:

 Your Spells              Type           Power        Failure   Level  Hunger
a - Beastly Appendage     Trmt           ##....       8%          1    ##.....
b - Sticks to Snakes      Trmt           ##........   10%         2    ###....
c - Spider Form           Trmt/Pois      #.........   38%         3    ####...


Dungeon Overview and Level Annotations

Branches:
Dungeon (3/16)

Altars:
Dithmengos
Nemelex Xobeh


Innate Abilities, Weirdness & Mutations

Your plain brown scales are hard (AC +6).*
Your body does not fit into most forms of armour.
Your cold-blooded metabolism reacts poorly to cold.
You have claws for feet.*


Message History

You are too injured to fight recklessly!
You are too injured to fight recklessly!
You are too injured to fight recklessly!
You are too injured to fight recklessly!
You are too injured to fight recklessly!
You are too injured to fight recklessly!
You are too injured to fight recklessly!
You are too injured to fight recklessly!
You are too injured to fight recklessly!
You barely miss the gnoll. The gnoll hits you but does no damage.
The gnoll hits you.
* * * LOW HITPOINT WARNING * * *
Casting: Beastly Appendage
Confirm with . or Enter, or press ? or * to list all spells.
You miscast Spider Form.
You are very lightly contaminated with residual magic.
You feel a strange surge of energy! The gnoll hits you.
* * * LOW HITPOINT WARNING * * *
The gnoll hits you with a halberd.
You die...

...' .#.≈≈≈ '....' #.≈≈≈ #....#
#.≈≈≈ #....# #.≈≈≈ #....# #.≈≈≈
#....# #.≈≈≈ #....# '###≈≈
##########''''#############.. #≈≈
...............g@.....(...#gg.#≈≈
≈≈≈≈≈≈≈≈≈≈....≈g≈≈≈≈≈≈≈≈≈≈#####≈≈
≈≈≈≈≈≈≈≈≈≈....≈≈≈≈≈≈≈≈≈≈≈≈≈≈≈≈≈≈≈
≈≈≈≈≈≈≈≈≈≈....≈≈≈≈≈≈≈≈≈≈≈≈≈≈≈≈≈≈≈
...............................P.
#######..........#....####.#.....
#.....<#####)...# #.#...##
#.......)......)####.#...##
#......#####...............


You could see 2 gnolls.

Vanquished Creatures
  A gnoll shaman (D:3)
  Jessica (D:2)
  7 adders
  10 gnolls (D:3)
  2 worms (D:2)
  A giant gecko (D:1)
  2 oozes (D:1)
  5 bats
  2 giant cockroaches (D:1)
  9 goblins
  6 hobgoblins
  8 kobolds
  A quokka (D:1)
  A ball python (D:1)
  5 giant newts
  27 jackals
  13 rats
101 creatures vanquished.

Notes
Turn   | Place    | Note
--------------------------------------------------------------
     0 | D:1      | Kae, the Draconian Transmuter, began the quest for the Orb.
     0 | D:1      | Reached XP level 1. HP: 16/16 MP: 3/3
   124 | D:1      | Reached XP level 2. HP: 20/23 MP: 4/4
   128 | D:1      | Learned a level 2 spell: Sticks to Snakes
   600 | D:1      | Reached XP level 3. HP: 26/28 MP: 6/6
   993 | D:1      | Reached skill level 4 in Unarmed Combat
  1493 | D:2      | Noticed Jessica
  1514 | D:2      | Killed Jessica
  1514 | D:2      | Reached XP level 4. HP: 25/35 MP: 7/7
  2723 | D:3      | Reached skill level 5 in Unarmed Combat
  2759 | D:3      | Found a shadowy altar of Dithmengos.
  2763 | D:3      | Found a sparkling altar of Nemelex Xobeh.
  2807 | D:3      | Reached XP level 5. HP: 36/40 MP: 7/9
  3082 | D:3      | Learned a level 3 spell: Spider Form
  3647 | D:3      | HP: 2/40 [gnoll/spear (10)]
  4488 | D:3      | Reached XP level 6. HP: 43/47 MP: 7/10
  4506 | D:3      | Reached skill level 6 in Unarmed Combat
  4581 | D:3      | Slain by a gnoll

Action                   |  1- 3 |  4- 6 || total
-------------------------+-------+-------++-------
Melee: Unarmed           |   188 |   252 ||   440
 Cast: Beastly Appendage |     6 |    18 ||    24
       Spider Form       |       |     4 ||     4
Evoke: Wand              |       |     1 ||     1
  Use: Scroll            |       |     4 ||     4
 Stab: Sleeping          |     2 |       ||     2
